Map: Lightshade LE

Players

A.I. 1 (Very Easy)

  • Race: Zerg Zerg
  • Spawn Location: 5:00

Numiro - Winner!

  • Race: Protoss Protoss
  • Spawn Location: 11:00

VOD

Have the link to the VOD?

Description

Time

  • Played on: Oct. 22, 2020, 1:19 p.m.
  • Length: 8:02
Show
View Real Time Build Order
Export as new Build Order

A.I. 1 (Very Easy) Zerg 

Build Orders: Pool First 

Get SALT Encoding   

  12  0:00  Drone  
  13  0:12  Overlord  
  13  0:16  Drone  
  14  0:35  Spawning Pool  
  14  0:37  Extractor  
  14  0:39  Drone  
  13  0:46  Drone  
  14  0:52  Overlord  
  14  1:23  Queen, Zergling x2  
  17  1:32  Roach Warren  
  16  1:33  Extractor  
  16  1:38  Drone  
  16  1:43  Zergling x2  
  16  1:45  Drone  
  18  1:59  Drone  
  19  2:04  Zergling x2  
  20  2:10  Drone  
  21  2:21  Drone  
  22  2:30  Drone  
  22  2:31  Overlord  
  23  2:37  Drone  
  24  2:45  Drone  
  25  6:04  Lair, Drone  
  25  6:08  Zergling x2  
  26  6:11  Drone  
  27  6:18  Drone  
  28  6:26  Drone  
  28  6:27  Overlord  
  29  6:33  Drone  
  30  6:40  Drone  
  31  6:48  Zergling x2  
  30  7:01  Overseer  
  30  7:02  Overseer  
  30  7:07  Spire  
  29  7:12  Zergling x2  
  30  7:17  Hatchery  
  29  7:32  Drone  
  28  7:41  Zergling x2  
  28  7:42  Overlord  
  28  7:43  Overlord  
  28  7:44  Drone  
Show
View Real Time Build Order
Export as new Build Order

Numiro Protoss - Winner!

Build Orders: 1 Gate Expand, Oracle Opening, Zealot Archon, Archon Drop 

Get SALT Encoding   

  12  0:00  Probe  
  13  0:12  Probe  
  14  0:18  Pylon  
  14  0:24  Probe (Chrono Boost)  
  15  0:37  Probe (Chrono Boost)  
  15  0:40  Gateway  
  15  0:42  Probe (Chrono Boost)  
  17  0:51  Assimilator  
  17  0:54  Probe  
  18  1:06  Probe  
  19  1:18  Probe  
  20  1:26  Nexus  
  20  1:35  Cybernetics Core  
  20  1:37  Probe  
  21  1:47  Assimilator  
  21  1:52  Probe  
  22  2:02  Pylon  
  22  2:06  Probe  
  23  2:17  Adept (Chrono Boost)  
  23  2:22  Probe  
  26  2:26  Stargate  
  26  2:38  Probe x2  
  26  2:39  Warp Gate  
  26  2:40  Adept  
  30  2:50  Probe x2  
  32  3:02  Probe x2  
  34  3:06  Oracle (Chrono Boost)  
  37  3:13  Pylon  
  37  3:14  Gateway, Probe x2  
  37  3:17  Adept  
  41  3:26  Probe  
  41  3:27  Probe  
  43  3:38  Probe  
  43  3:39  Probe  
  45  3:45  Pylon  
  45  3:50  Probe  
  45  3:51  Probe  
  45  3:54  Nexus  
  47  3:56  Oracle (Chrono Boost)  
  51  4:02  Probe  
  51  4:03  Probe  
  52  4:15  Probe x2  
  52  4:16  Robotics Facility  
  54  4:19  Assimilator  
  54  4:21  Assimilator  
  54  4:24  Pylon  
  54  4:27  Sentry, Probe x2  
  54  4:28  Zealot  
  60  4:39  Probe x2  
  60  4:42  Forge  
  60  4:44  Twilight Council  
  62  4:51  Probe x2  
  64  5:02  Protoss Ground Weapons Level 1 (Chrono Boost)  
  64  5:03  Observer, Probe x2  
  64  5:06  Charge (Chrono Boost), Probe  
  68  5:13  Gateway x2  
  68  5:15  Probe x2  
  68  5:16  Gateway x2  
  68  5:18  Probe  
  71  5:27  Probe  
  71  5:28  Templar Archives, Probe  
  73  5:30  Probe  
  74  5:39  Probe  
  74  5:40  Probe  
  74  5:42  Assimilator, Probe  
  77  5:46  Assimilator  
  77  5:50  Gateway  
  77  5:51  Probe  
  77  5:52  Gateway, Pylon, Probe  
  77  5:55  Warp Prism (Chrono Boost)  
  81  6:07  Probe x3  
  84  6:16  High Templar x3  
  84  6:17  High Templar  
  90  6:19  Probe x2  
  90  6:23  Pylon  
  90  6:25  Archon x2  
  92  6:37  Probe  
  93  6:41  Probe x2  
  95  6:48  Nexus  
  95  6:50  Pylon  
  95  6:51  High Templar x3  
  101  6:59  Archon  
  101  7:08  Pylon  
  101  7:11  Pylon  
  101  7:14  Pylon  
  101  7:25  Zealot x4  
  101  7:26  Zealot x2  
  101  7:29  Zealot  
  114  7:30  Zealot  
  116  7:54  Assimilator  
  116  7:56  Assimilator  
  116  8:00  Gateway  
  116  8:01  Gateway  
Tags
 
Add a new tag
Caveats
  • Supply blocks, unpowered buildings, or Contaminate may cause inaccurate times.
  • Supply counts are checked every 10 seconds.